 Dungeon Crawl Stone Soup version 0.21.1-1-g345015f (webtiles) character file.

64 inc the Conjurer (level 3, 14/14 HPs)
             Began as a Felid Venom Mage on Mar 3, 2018.
             Quit the game on level 5 of the Dungeon.
             The game lasted 00:06:32 (4574 turns).

inc the Conjurer (Felid Venom Mage)                 Turns: 4574, Time: 00:06:33

Health: 14/14      AC:  1    Str:  4    XL:     3   Next: 91%
Magic:  2/7        EV: 18    Int: 17    God:
Gold:   154        SH:  0    Dex: 16    Spells: 5/6 levels left
                                        Lives:  0   Deaths: 1

rFire    . . .     SeeInvis +   (weapon unavailable)
rCold    . . .     Gourm    .   (shield unavailable)
rNeg     . . .     Faith    .   (armour unavailable)
rPois    .         Spirit   .   (helmet unavailable)
rElec    .         Reflect  .   (cloak unavailable)
rCorr    .         Harm     .   (gloves unavailable)
MR       .....                  (boots unavailable)
Stlth    +++.......             (no amulet)
HPRegen  0.04/turn              (no ring)
MPRegen  0.10/turn              (no ring)

@: quick
A: very small, no armour, no weapons or thrown items, stealth, claws 1, fangs 3,
see invisible, carnivore, speed 1, shaggy fur 1, slow metabolism 1, sharp paws
a: no special abilities


You were on level 5 of the Dungeon.
You were not hungry.

You visited 1 branch of the dungeon, and saw 5 of its levels.

You collected 154 gold pieces.

Inventory:

Jewellery
 c - an uncursed amulet of harm
 f - a +2 ring of intelligence {unknown}
Scrolls
 d - a scroll of immolation {unknown}
 h - a scroll of enchant weapon {unknown}
Potions
 e - a potion of curing {unknown}
 g - a potion of brilliance {unknown}
 i - a potion of might {unknown}
 j - a potion of cancellation
Books
 a - a Young Poisoner's Handbook

   Spells                             Type                      Level
   a - Sting                          Conjuration/Poison           1
   b - Poisonous Vapours              Poison/Air                   2
   c - Mephitic Cloud                 Conjuration/Poison/Air       3
   d - Olgreb's Toxic Radiance        Poison                       4
   e - Venom Bolt                     Conjuration/Poison           5
Comestibles
 b - a ration


   Skills:
 - Level 2.6 Dodging
 - Level 2.6 Stealth
 - Level 2.0 Spellcasting
 - Level 4.0 Conjurations
 + Level 3.1 Poison Magic


You had 5 spell levels left.
You knew the following spells:

 Your Spells              Type           Power        Failure   Level  Hunger
a - Sting                 Conj/Pois      ##..         4%          1    #......


Dungeon Overview and Level Annotations

Branches:
Dungeon (5/15)
 Temple: D:4-7

Altars:
Cheibriados
Nemelex Xobeh
Trog


Innate Abilities, Weirdness & Mutations

You cannot wear armour.
You are incapable of wielding weapons or throwing items.
Your paws allow you to move quietly. (Stealth)
You have sharp claws.
You have razor-sharp teeth.
You have supernaturally acute eyesight. (SInv)
You are carnivorous and can eat meat at any time.
You cover ground quickly.
You are covered in fur. (AC +1)
You have a slow metabolism.
Your sharp claws are effective at attacking unaware monsters.


Message History

Unknown command.
Casting: Sting
Confirm with . or Enter, or press ? or * to list all spells.
Aiming: Sting
Press: ? - help, Shift-Dir - straight line, f - howler monkey
Aim: a howler monkey (resting)
The sting hits the howler monkey.
The howler monkey is moderately wounded.
The howler monkey howls!
The howler monkey hoots and howls with incredible vigour!
You hear a howl!
You hear a shout! x6
Casting: Sting
Confirm with . or Enter, or press ? or * to list all spells.
Aiming: Sting
Press: ? - help, Shift-Dir - straight line, f/p - howler monkey
Aim: a howler monkey (moderately wounded, catching its breath)
The sting hits the howler monkey.
The howler monkey is heavily wounded.
A sky beast comes into view.
Are you sure you want to abandon this character and quit the game? (Confirm with "yes".)

≈≈P.≈≈≈≈P#.#
P.....P≈≈#.#
...........#
...?.......#
#######....#
#....#
####.#
#?###Y###
#@h......
####.....
..## .# # #
## ^## ..#
.## #


You could see a sky beast and a howler monkey.

Vanquished Creatures
  6 adders
  An ooze (D:2)
  A dart slug (D:2)
  A leopard gecko (D:5)
  5 orcs
  5 bats
  3 giant cockroaches
  7 goblins
  10 hobgoblins
  6 jackals (D:2)
  3 quokkas
  A ball python (D:2)
  5 frilled lizards
  2 kobolds
  3 rats (D:2)
59 creatures vanquished.

Notes
Turn   | Place    | Note
-------+----------+-------------------------------------------
     0 | D:1      | inc the Felid Venom Mage began the quest for the Orb.
     0 | D:1      | Reached XP level 1. HP: 7/7 MP: 4/4
    15 | D:1      | Reached skill level 1 in Conjurations
   350 | D:1      | Reached XP level 2. HP: 11/11 MP: 4/6
   454 | D:1      | Reached skill level 2 in Conjurations
  1411 | D:2      | Reached XP level 3. HP: 14/14 MP: 1/7
  1593 | D:2      | Reached skill level 3 in Conjurations
  2152 | D:2      | Reached XP level 4. HP: 18/18 MP: 3/8
  3064 | D:2      | Reached skill level 4 in Conjurations
  3156 | D:3      | Found a bloodstained altar of Trog.
  3156 | D:3      | Found a snail-covered altar of Cheibriados.
  4392 | D:5      | Entered Level 5 of the Dungeon
  4404 | D:5      | Found a sparkling altar of Nemelex Xobeh.
  4548 | D:5      | Slain by a centaur skeleton
  4549 | D:5      | Reached XP level 3. HP: -3/14 MP: 7/7
  4574 | D:5      | Noticed a sky beast
  4574 | D:5      | Quit the game

Skill      XL: |  1  2  3  4 |
---------------+-------------+-----
Conjurations   | 1 2 3 4 |  4.0
Poison Magic   | 3 |  3.1
Dodging        | |  2.6
Stealth        | |  2.6
Spellcasting   | |  2.0

Action                   |  1- 3 |  4- 6 || total
-------------------------+-------+-------++-------
Melee: Unarmed           |    16 |    15 ||    31
       Bite              |     1 |     2 ||     3
 Cast: Sting             |    98 |   110 ||   208
  Use: Potion            |       |     1 ||     1
  Eat: Chunk             |    10 |     9 ||    19
Armor: Skin              |     4 |     3 ||     7
Dodge: Dodged            |    42 |    54 ||    96
